Semilg, chaotic male orcish Rogue ---- ------- |..--- ----..--.--- |....-- |..........| h --.|..| ---|..........| ----.----.--<....--.--- |-.-|.........---- |...|-..--.....| ..----..|... --...| d@.---....------..-| G.).).....| |.|..*.| .-----.. |......- --...... ---... ---- Semilg the Cutpurse Experience level: 4 Strength: 16 Dexterity: 19 Constitution: 14 Intelligence: 10 Wisdom: 9 Charisma: 9 Health: 0(24) Energy: 14(14) Def: 2 Gold: 313 Moves: 1526 Dungeon seed: 4VRFzoUVoNcdUa2Q Game ID: Semilg_1553265742 Your Inventory: Coins $ - 313 gold pieces Weapons a - an uncursed +0 orcish short sword (weapon in hand) b - 10 uncursed +0 orcish daggers (in quiver) l - an uncursed +0 orcish dagger Armor e - an uncursed burnt +1 leather armor (being worn) n - an uncursed +0 helm of brilliance q - an uncursed +0 orcish helm Comestibles i - an uncursed food ration Scrolls p - an uncursed scroll of identify t - a cursed scroll of teleportation u - an uncursed scroll of confuse monster Spellbooks k - a blessed spellbook of light o - an uncursed spellbook of force bolt Potions c - an uncursed potion of sickness r - a blessed potion of extra healing s - an uncursed potion of full healing Wands h - an uncursed wand of opening (0:3) Tools d - an uncursed lock pick f - an uncursed sack g - an uncursed blindfold Spells and supernatural/magical abilities: Name Level Category Fail Memory W - pray for help -- divine ? -- Your skills at the end: Miscellaneous Skills wands [Basic] Weapon Skills dagger [Basic] short sword [Basic] Spellcasting Skills Final Attributes: You were devoutly aligned. You were poison resistant. You had infravision. You were stealthy. You are dead. Vanquished creatures: 6 gnomes a gnome zombie a kobold 5 newts 3 goblins 3 sewer rats 3 grid bugs a lichen 23 creatures vanquished. Voluntary challenges: You followed a strict vegan diet. You did not adorn yourself with jewelry or accessories. You did not cause conflict. You were not invisible. You did not have reflection. You were not displaced. You were an atheist. You used a wielded weapon 29 times, starting on turn 2. You did not use tools. You did not use plumbed fixtures. You did not drink any magical draughts. You were illiterate. You never genocided any monsters. You never polymorphed an object. You never changed form. You used no wishes. You never split a pudding. You never wrote Elbereth's name. You violated your moral code, losing 3 points of alignment, starting on turn 670. Dungeon overview: The Dungeons of Doom: levels 1 to 3 Level 1 a long staircase Level 2 some fountains stairs to The Gnomish Mines Level 3 The Gnomish Mines: Level 3 <- You were here stairs to The Dungeons of Doom History has recorded: On T:1 you entered the Dungeons of Doom to retrieve the Amulet of Yendor! On T:231 you reached level 2 of The Dungeons of Doom. On T:833 you advanced to experience level 2. On T:1053 you reached level 1 of The Gnomish Mines. On T:1055 you advanced to experience level 3. On T:1144 you reached level 3 of The Dungeons of Doom. On T:1499 you advanced to experience level 4. Score breakdown: Gold: 313 ( 31 points) Experience: 4 levels ( 300 points) Exploration: 3 levels ( 60 points) Discoveries: 8 items ( 400 points) Variety of kills: 8 monsters ( 400 points) Major goal: (nothing yet) ( 0 points) Survival: died (score multiplied by 3) Total score: 3573 Latest messages: You stab the dwarf. The gnome lord wields a crossbow! You displace Killer. There are a few objects here. The gnome lord shoots 2 crossbow bolts! You are hit by the 1st crossbow bolt! You are hit by the 2nd crossbow bolt. Killer misses the gnome lord. The gnome lord swings his crossbow at you. The gnome lord hits! The gnome lord punches you! Killer bites the gnome lord. The gnome lord swings his crossbow at Killer. The gnome lord hits Killer. You stab the gnome lord! You stab the gnome lord. The gnome lord swings his crossbow at you. The gnome lord hits! The gnome lord punches you! You die... The sack is empty. The sack is empty. Final status: Goodbye Semilg the Rogue, killed by a gnome lord... You died in The Gnomish Mines on dungeon level 3 with 3573 points, and 313 pieces of gold, after 1526 moves. You were level 4 with a maximum of 24 hit points when you died.